 Dungeon Crawl Stone Soup version 0.16.2-12-gd0ad4c3 (webtiles) character file.

1139 faibistes the Thaumaturge (level 8, -2/41 HPs)
             Began as a Deep Elf Wizard on July 5, 2019.
             Was a Follower of Sif Muna.
             Slain by a hill giant
             ... wielding a +0 giant club
              (43 damage)
             ... on level 6 of the Dungeon.
             The game lasted 00:13:05 (5983 turns).

faibistes the Thaumaturge (Deep Elf Wizard)         Turns: 5983, Time: 00:13:05

Health: -2/41      AC:  7    Str:  4    XL:     8   Next: 14%
Magic:  18/27      EV: 14    Int: 26    God:    Sif Muna [*.....]
Gold:   208        SH:  0    Dex: 13    Spells: 6 memorised, 11 levels left

rFire  . . .     SeeInvis .     a - +1 short sword (venom)
rCold  . . .     Clarity  .     z - +2 robe {MR+}
rNeg   . . .     SustAb   .     (no shield)
rPois  .         Gourm    .     b - +0 hat
rElec  .         Spirit   .     r - +0 cloak
rCorr  .         Warding  .     (no gloves)
rMut   .         Stasis   .     v - +1 pair of boots
MR     +....                    (no amulet)
Stlth  ++........               (no ring)
                                (no ring)

@: repel missiles, somewhat resistant to hostile enchantments, unstealthy
A: no striking features
a: Channel Energy, Renounce Religion


You were on level 6 of the Dungeon.
You worshipped Sif Muna.
Sif Muna was aware of your devotion.
You were not hungry.

You visited 1 branch of the dungeon, and saw 6 of its levels.

You collected 208 gold pieces.

Inventory:

Hand weapons
 a - a +1 short sword of venom (weapon)
 i - a +0 club
 j - a +0 short sword
Armour
 b - a +0 hat (worn)
 r - a +0 cloak (worn)
 v - a +1 pair of boots (worn)
 z - a +2 robe of magic resistance (worn)
Jewellery
 q - an uncursed ring of ice
Magical devices
 u - a wand of draining (4)
 y - a wand of random effects (28)
Scrolls
 h - a scroll of enchant armour
 l - 2 scrolls of recharging {unknown}
 n - a scroll of teleportation
 p - 3 scrolls of magic mapping
 t - a scroll of fog
 w - a scroll of immolation {unknown}
 A - a scroll of random uselessness {unknown}
Potions
 e - 2 potions of degeneration {unknown}
 f - a potion of curing
 g - 4 potions of brilliance {unknown}
 k - a potion of ambrosia {unknown}
 m - a potion of haste
 s - 2 potions of heal wounds {unknown}
Books
 c - a book of Minor Magic

   Spells                             Type                      Level
   a - Magic Dart                     Conjuration                  1
   b - Blink                          Translocation                2
   c - Call Imp                       Summoning                    2
   d - Repel Missiles                 Charms/Air                   2
   e - Slow                           Hexes                        2
   f - Conjure Flame                  Conjuration/Fire             3
   g - Mephitic Cloud                 Conjuration/Poison/Air       3
 B - a book of Fire

   Spells                             Type                      Level
   a - Ignite Poison                  Fire/Transmutation           5
   b - Fireball                       Conjuration/Fire             5
   c - Bolt of Fire                   Conjuration/Fire             6
   d - Delayed Fireball               Conjuration/Fire             7
   e - Ring of Flames                 Charms/Fire                  7
Comestibles
 d - 2 bread rations
 o - 4 fruits
 x - 2 chunks of flesh


   Skills:
 + Level 5.3 Dodging
 - Level 2.4 Stealth
 * Level 8.5 Spellcasting
 * Level 5.2 Conjurations
 - Level 1.1 Summonings
 - Level 3.2 Translocations
 * Level 2.1 Fire Magic
 * Level 2.2 Air Magic
 + Level 1.4 Poison Magic


You had 11 spell levels left.
You knew the following spells:

 Your Spells              Type           Power        Failure   Level  Hunger
a - Magic Dart            Conj           ####         1%          1    None
b - Conjure Flame         Conj/Fire      ####....     4%          3    None
c - Call Imp              Summ           ###.....     6%          2    None
d - Blink                 Tloc           N/A          2%          2    None
e - Mephitic Cloud        Conj/Pois/Air  ####....     6%          3    None
f - Repel Missiles        Chrm/Air       ###...       6%          2    None


Dungeon Overview and Level Annotations

Branches:
Dungeon (6/15)
 Temple: D:4-7

Altars:
Dithmenos
Kikubaaqudgha
Sif Muna


Message History

Confirm with . or Enter, or press ? or * to list all spells.
Aiming: Conjure Flame
Press: ? - help, Dir - move target cursor The fire roars!
The hill giant is engulfed in roaring flames.
Casting: Conjure Flame
Confirm with . or Enter, or press ? or * to list all spells.
Aiming: Conjure Flame
Press: ? - help, Dir - move target cursor The fire roars!
The hill giant is engulfed in roaring flames.
A crimson imp comes into view.
The crimson imp shouts!
You hit the hill giant.
The hill giant is heavily wounded.
The crimson imp moves out of view.
The hill giant is engulfed in roaring flames.
The hill giant hits you with a giant club!!!
Ouch! That really hurt!
You die...

## .. . #.
=.. +.
......#.##
#....W§C@#
......#.##
... ... .
.....
###...
#... #...
#... .


You could see a hill giant and a phantom.

Vanquished Creatures
  The ghost of faibistes the Magician, an average DEWz (D:3)
  Edmund (D:4)
  A phantom (D:3)
  An ogre (D:4)
  Sigmund (D:3)
  Blork the orc (D:4)
  A giant frog skeleton (D:5)
  3 orc priests
  4 orc wizards
  2 iguanas
  2 worker ants
  8 adders
  3 giant mites
  2 worms
  12 orcs
  A bat skeleton (D:4)
  6 giant cockroaches
  8 hobgoblins
  5 jackals
  10 kobolds
  2 quokkas (D:2)
  3 ball pythons
  14 bats
  A giant gecko skeleton (D:4)
  2 giant newts
  10 goblins
  9 rats
114 creatures vanquished.

Vanquished Creatures (collateral kills)
  An adder (D:3)
  4 gnolls (D:2)
  A giant gecko (D:3)
6 creatures vanquished.

Vanquished Creatures (others)
  2 shadow imps
  A white imp (D:2)
3 creatures vanquished.

Grand Total: 123 creatures vanquished

Notes
Turn   | Place    | Note
--------------------------------------------------------------
     0 | D:1      | faibistes, the Deep Elf Wizard, began the quest for the Orb.
     0 | D:1      | Reached XP level 1. HP: 10/10 MP: 6/6
   124 | D:1      | You fall through a shaft!
   248 | D:2      | Reached XP level 2. HP: 15/15 MP: 5/10
   290 | D:2      | Learned a level 2 spell: Blink
   293 | D:2      | Learned a level 2 spell: Call Imp
   779 | D:2      | Reached XP level 3. HP: 19/19 MP: 6/13
   784 | D:2      | Learned a level 3 spell: Conjure Flame
   788 | D:2      | Learned a level 3 spell: Mephitic Cloud
  1108 | D:2      | Reached skill level 5 in Spellcasting
  1647 | D:1      | Reached XP level 4. HP: 21/24 MP: 6/17
  1651 | D:1      | Learned a level 2 spell: Repel Missiles
  1853 | D:2      | Noticed a centaur
  2898 | D:3      | Noticed faibistes' ghost (average DEWz)
  2909 | D:3      | Killed faibistes' ghost
  2909 | D:3      | Reached skill level 6 in Spellcasting
  2909 | D:3      | Reached XP level 5. HP: 5/28 MP: 16/21
  2909 | D:3      | Reached XP level 6. HP: 5/32 MP: 16/22
  3383 | D:3      | Noticed a phantom
  3399 | D:3      | Killed a phantom
  3399 | D:3      | Reached skill level 7 in Spellcasting
  3564 | D:3      | Found a shadowy altar of Dithmenos.
  3707 | D:3      | Found an ancient bone altar of Kikubaaqudgha.
  3824 | D:3      | Noticed Sigmund
  3864 | D:3      | Killed Sigmund
  4116 | D:4      | Found a deep blue altar of Sif Muna.
  4116 | D:4      | Noticed Edmund
  4130 | D:4      | Killed Edmund
  4130 | D:4      | Reached XP level 7. HP: 13/36 MP: 21/25
  4389 | D:4      | Became a worshipper of Sif Muna the Loreminder
  4746 | D:3      | Reached skill level 5 in Dodging
  4863 | D:4      | Reached skill level 1 in Fire Magic
  4863 | D:4      | Reached skill level 1 in Air Magic
  5057 | D:3      | Reached skill level 8 in Spellcasting
  5057 | D:3      | Reached skill level 1 in Poison Magic
  5445 | D:3      | Reached skill level 5 in Conjurations
  5662 | D:5      | Entered Level 5 of the Dungeon
  5662 | D:5      | Noticed Blork the orc
  5691 | D:4      | Acquired Sif Muna's first power
  5699 | D:4      | Reached XP level 8. HP: 35/41 MP: 17/27
  5753 | D:4      | Killed Blork the orc
  5979 | D:6      | Noticed a hill giant
  5983 | D:6      | Slain by a hill giant

Action                   |  1- 3 |  4- 6 |  7- 9 || total
-------------------------+-------+-------+-------++-------
Melee: Short sword       |       |    12 |    50 ||    62
 Cast: Magic Dart        |    82 |   116 |    64 ||   262
       Call Imp          |     9 |       |     1 ||    10
       Mephitic Cloud    |       |     3 |    14 ||    17
       Repel Missiles    |       |     3 |       ||     3
       Conjure Flame     |       |     4 |     9 ||    13
       Blink             |       |     1 |    13 ||    14
Evoke: Wand              |       |       |     1 ||     1
  Use: Scroll            |       |     4 |       ||     4
 Stab: Confused          |       |       |     2 ||     2
       Sleeping          |       |       |     1 ||     1
  Eat: Chunk             |     2 |     7 |     5 ||    14
       Fruit             |       |     1 |     1 ||     2
